 Dungeon Crawl Stone Soup version 0.23.0 (webtiles) character file.

Game seed: 17387264346981936914

16466 Mrkaede the Fighter (level 12, -12/77 HPs)
             Began as a Gargoyle Berserker on Feb 15, 2019.
             Was a High Priest of Trog.
             Mangled by a red ugly thing (19 damage)
             ... on level 12 of the Dungeon.
             The game lasted 00:32:46 (11685 turns).

Mrkaede the Fighter (Gargoyle Berserker)           Turns: 11685, Time: 00:32:46

Health: -12/77     AC: 24    Str: 24    XL:     12   Next: 37%
Magic:  21/21      EV:  9    Int:  9    God:    Trog [*****.]
Gold:   816        SH: 11    Dex: 10    Spells: 11/11 levels left

rFire    . . .     SeeInvis +   Q - +2 mace (venom)
rCold    . . .     Gourm    +   l - +0 shield
rNeg     + . .     Faith    .   G - +0 plate armour
rPois    ∞         Spirit   .   r - +0 helmet
rElec    +         Reflect  .   (no cloak)
rCorr    .         Harm     .   (no gloves)
MR       .....                  (no boots)
Stlth    ..........             d - amulet of the gourmand
HPRegen  0.22/turn              N - ring of see invisible
MPRegen  0.17/turn              I - ring of magical power

@: no status effects
A: negative energy resistance 1, electricity resistance, unbreathing,
petrification resistance, rot immunity, AC +8
a: Berserk, Trog's Hand, Brothers in Arms, Renounce Religion


You were on level 12 of the Dungeon.
You worshipped Trog.
Trog was extremely pleased with you.
You were completely stuffed.

You visited 1 branch of the dungeon, and saw 12 of its levels.

You collected 816 gold pieces.

Inventory:

Hand Weapons
 a - a +0 mace
 u - a +0 flail
 Q - a +2 mace of venom (weapon)
Missiles
 e - 8 javelins of returning (quivered)
Armour
 f - a +0 leather armour
 g - a +3 buckler
 l - a +0 shield (worn)
 r - a +0 helmet (worn)
 w - a +0 scale mail
 B - a +0 chain mail
 C - a +0 leather armour
 G - a +0 plate armour (worn)
Jewellery
 d - an amulet of the gourmand (around neck)
 v - an uncursed ring of poison resistance
 H - an uncursed amulet of rage
 I - a ring of magical power (right hand)
 N - a ring of see invisible (left hand)
 O - an uncursed amulet of the acrobat {unknown}
Wands
 p - a wand of random effects (21)
 y - a wand of digging (12)
 J - a wand of flame (36)
 M - a wand of polymorph (13)
Scrolls
 i - 4 scrolls of amnesia
 j - 7 scrolls of fog
 k - 4 scrolls of blinking
 m - 3 scrolls of magic mapping {unknown}
 q - 2 scrolls of enchant weapon {unknown}
 x - 3 scrolls of fear {unknown}
 D - a scroll of vulnerability {unknown}
 E - 3 scrolls of remove curse
 F - 2 scrolls of teleportation {unknown}
 L - 2 scrolls of enchant armour
 P - a scroll of holy word {unknown}
Potions
 b - 2 potions of magic
 h - 2 potions of brilliance
 n - 2 potions of flight
 o - a potion of degeneration
 s - a potion of mutation
 t - 3 potions of lignification
 A - a potion of agility
 K - 2 potions of curing
Comestibles
 c - 25 rations
 z - 2 chunks of flesh


   Skills:
 * Level 9.8 Fighting
 * Level 9.3 Maces & Flails
 + Level 5.1 Throwing
 * Level 9.6 Armour
 * Level 7.5 Dodging
 - Level 0.2 Stealth
 * Level 9.1 Shields
 + Level 1.3 Evocations


You had 11 spell levels left.
You didn't know any spells.
Your spell library was empty.

Dungeon Overview and Level Annotations

Branches:
Dungeon (12/15)            Temple (0/1) D:5            Lair (0/6) D:9
    Orc (0/2) D:9

Altars:
Cheibriados
Elyvilon

Shops:
D:5 =   D:9 (

Annotations:
D:4 2 transporters, Arthanis's ghost, amateur GrBe


Innate Abilities, Weirdness & Mutations

You are resistant to torment.
Your stone body is resilient. (AC +8)
You are immune to poison.
You resist negative energy. (rN+)
You are resistant to electric shocks. (rElec)
You can survive without breathing.
You are immune to petrification.
You are immune to rotting.


Message History

The red ugly thing looks as sick as possible!
The red ugly thing is moderately wounded.
The red ugly thing barely misses you.
You hit the red ugly thing.
The red ugly thing looks as sick as possible!
The red ugly thing is heavily wounded.
The red ugly thing punches you but does no damage.
Your plate armour prevents you from hitting the red ugly thing.
The red ugly thing is heavily wounded.
You block the red ugly thing's attack.
You sock the red ugly thing!
The red ugly thing is severely wounded.
The red ugly thing punches you.
You are engulfed in flames!!
* * * LOW HITPOINT WARNING * * *
You hit the red ugly thing.
The red ugly thing is severely wounded.
The red ugly thing punches you.
* * * LOW HITPOINT WARNING * * *
You are engulfed in flames!!
You die...

<.###.#........#
#.##.......##..#####
#..........##..#...#
...........###...#.#
.#.................#
...................#
...#..)..#.........#
..##..).##.........#
......)).#....†u@..#
....#..............#
..###.##...........#
..#.............####
..#........#.#..#
###......#.#.#..#
.........#...#..#
#........#..##..#
..####..##...#..#


You could see a red ugly thing.

Vanquished Creatures
  A two-headed ogre (D:8)
  Erica (D:9)
  An unseen horror (D:11)
  A deep elf mage (D:12)
  2 ugly things (D:12)
  2 cyclopes
  Joseph (D:7)
  A kobold demonologist (D:11)
  A queen bee (D:10)
  A troll (D:10)
  Grinder (D:6)
  3 hippogriffs
  A meliai zombie (D:11)
  2 wyverns
  3 wraiths
  4 humans (D:10)
  12 yaks
  A hungry ghost (D:7)
  A water moccasin (D:12)
  Duvessa (D:7)
  3 porcupines
  3 black bears (D:9)
  7 orc warriors
  3 sky beasts
  2 ice beasts
  3 phantoms
  3 ogres
  12 centaurs
  2 crocodiles
  2 big kobolds (D:8)
  10 bullfrogs
  A gnoll sergeant (D:11)
  Dowan (D:7)
  3 scorpions (D:9)
  19 killer bees (D:10)
  6 wights (D:7)
  3 crimson imps
  2 quasits
  A centaur zombie (D:5)
  A bullfrog zombie (D:8)
  4 hounds
  4 jellies
  3 centaur skeletons
  A gnoll shaman (D:5)
  A bullfrog skeleton (D:10)
  5 iguanas
  7 orc wizards
  12 worker ants
  A howler monkey zombie (D:11)
  Robin (D:3)
  12 gnolls
  A worker ant zombie (D:6)
  A howler monkey skeleton (D:6)
  10 adders
  6 shadow imps
  2 oozes
  An adder skeleton (D:7)
  An adder zombie (D:6)
  3 worms
  5 dart slugs
  5 leopard geckos
  31 orcs
  13 bats
  6 giant cockroaches
  13 goblins
  10 hobgoblins
  4 jackals (D:3)
  15 kobolds
  5 quokkas
  2 ball pythons (D:4)
  6 frilled lizards
  A jackal skeleton (D:6)
  14 rats
334 creatures vanquished.

Vanquished Creatures (collateral kills)
  5 yaks (D:11)
  An orc priest (D:11)
6 creatures vanquished.

Vanquished Creatures (others)
  23 fungi (D:9)
  3 plants (D:9)
26 creatures vanquished.

Grand Total: 366 creatures vanquished

Notes
Turn   | Place    | Note
-------+----------+-------------------------------------------
     0 | D:1      | Mrkaede the Gargoyle Berserker began the quest for the Orb.
     0 | D:1      | Reached XP level 1. HP: 14/14 MP: 1/1
    32 | D:1      | Reached XP level 2. HP: 7/19 MP: 2/2
   670 | D:1      | Reached XP level 3. HP: 17/24 MP: 3/3
  1512 | D:2      | Reached ** piety under Trog
  1551 | D:2      | Reached XP level 4. HP: 20/29 MP: 4/4
  1723 | D:2      | Noticed a phantom
  1770 | D:2      | Killed a phantom
  1770 | D:2      | Reached XP level 5. HP: 21/33 MP: 5/5
  2292 | D:3      | Reached skill level 1 in Shields
  2402 | D:3      | Noticed Robin
  2440 | D:3      | Killed Robin
  2440 | D:3      | Reached XP level 6. HP: 38/38 MP: 6/6
  2551 | D:3      | Reached *** piety under Trog
  3250 | D:4      | Found a transporter.
  3251 | D:4      | Noticed Arthanis's ghost (amateur GrBe)
  3263 | D:4      | Found a transporter.
  3460 | D:4      | Reached skill level 1 in Throwing
  3553 | D:5      | Entered Level 5 of the Dungeon
  3621 | D:5      | Reached XP level 7. HP: 27/44 MP: 7/7
  4018 | D:5      | Found a staircase to the Ecumenical Temple.
  4043 | D:5      | Found a white marble altar of Elyvilon.
  4123 | D:5      | Found a snail-covered altar of Cheibriados.
  4129 | D:5      | Found Esishresu's Jewellery Shoppe.
  4504 | D:6      | Noticed Grinder
  4508 | D:6      | Paralysed by Grinder for 6 turns
  4529 | D:6      | Killed Grinder
  4529 | D:6      | Reached skill level 5 in Fighting
  4529 | D:6      | Reached skill level 5 in Maces & Flails
  4529 | D:6      | Reached XP level 8. HP: 49/49 MP: 8/8
  4653 | D:6      | Reached **** piety under Trog
  5231 | D:6      | Reached skill level 5 in Armour
  5675 | D:7      | Reached XP level 9. HP: 55/55 MP: 9/9
  6025 | D:7      | Noticed Joseph
  6049 | D:7      | Killed Joseph
  6075 | D:7      | Noticed Duvessa
  6076 | D:7      | Noticed Dowan
  6095 | D:7      | Killed Duvessa
  6100 | D:7      | Reached skill level 5 in Shields
  6126 | D:7      | HP: 1/56 [Dowan/shard of ice (12)]
  6141 | D:7      | Killed Dowan
  6647 | D:8      | Noticed a two-headed ogre
  6648 | D:8      | Reached skill level 5 in Dodging
  6659 | D:8      | Killed a two-headed ogre
  6659 | D:8      | Reached XP level 10. HP: 43/63 MP: 10/10
  7899 | D:9      | Found Reanuqea's Weapon Boutique.
  7972 | D:9      | Found a staircase to the Orcish Mines.
  8547 | D:9      | Received a gift from Trog
  8580 | D:9      | Reached ***** piety under Trog
  8607 | D:9      | Noticed Erica
  8628 | D:9      | Killed Erica
  8743 | D:9      | Found a staircase to the Lair.
  9043 | D:10     | Entered Level 10 of the Dungeon
  9064 | D:10     | Reached XP level 11. HP: 57/68 MP: 11/11
 10504 | D:11     | Noticed a cyclops
 10510 | D:10     | Killed a cyclops
 10512 | D:10     | Received a gift from Trog
 10639 | D:11     | Killed an unseen horror
 10956 | D:11     | Reached XP level 12. HP: 76/76 MP: 12/12
 10991 | D:11     | Received a gift from Trog
 11132 | D:11     | Reached skill level 5 in Throwing
 11423 | D:12     | Reached skill level 1 in Evocations
 11685 | D:12     | Mangled by a red ugly thing

Skill      XL: |  1  2  3  4  5  6  7  8  9 10 11 12 |
---------------+-------------------------------------+-----
Dodging        | 2 3 4 5 6 7 |  7.5
Fighting       | 4 5 6 7 8 9 |  9.8
Maces & Flails | 4 5 6 7 8 9 |  9.3
Armour         | 3 4 5 6 7 9 |  9.6
Shields        | 1 2 3 4 5 7 8 9 |  9.1
Throwing       | 1 2 3 4 5 |  5.1
Evocations     | 1 |  1.3
Stealth        | |  0.2

Action                   |  1- 3 |  4- 6 |  7- 9 | 10-12 || total
-------------------------+-------+-------+-------+-------++-------
Melee: Mace              |   106 |   215 |       |   482 ||   803
       Flail             |       |    56 |   352 |   536 ||   944
Throw: Javelin           |     2 |       |     8 |     7 ||    17
       Tomahawk          |       |       |       |     3 ||     3
Invok: Berserk           |     2 |     2 |     8 |     9 ||    21
       Trog's Hand       |       |     1 |     1 |     4 ||     6
       Brothers in Arms  |       |       |       |     1 ||     1
  Use: Scroll            |       |     5 |     4 |     7 ||    16
       Potion            |       |     1 |     3 |     5 ||     9
 Stab: Sleeping          |       |     1 |       |       ||     1
  Eat: Chunk             |    10 |    15 |    12 |    38 ||    75
       Ration            |       |       |     1 |       ||     1
Armor: Animal skin       |    20 |       |       |       ||    20
       Leather armour    |    52 |   101 |    11 |       ||   164
       Scale mail        |       |    22 |     1 |       ||    23
       Chain mail        |       |       |   119 |       ||   119
       Plate armour      |       |       |    91 |   657 ||   748
       Skin              |       |       |       |    42 ||    42
Dodge: Dodged            |   102 |   198 |   157 |   385 ||   842
Block: Buckler           |    10 |   129 |   173 |   383 ||   695
       Shield            |       |       |       |   144 ||   144
